 Dungeon Crawl Stone Soup version 0.31-a0-672-g7da72447bb (webtiles) character file.

Game seed: 11732253578879658981

3325 senseless the Skirmisher (level 10, 0/71 HPs)
             Began as a Human Hunter on Sept 4, 2023.
             Was a Believer of Hepliaklqana.
             Slain by a manticore (21 damage)
             ... on level 7 of the Dungeon.
             The game lasted 00:25:03 (5879 turns).

senseless the Skirmisher (Human Hunter)             Turns: 5879, Time: 00:25:03

Health: 0/71       AC:  9    Str: 13    XL:     10   Next: 21%
Magic:  24/24      EV: 15    Int: 13    God:    Hepliaklqana [**....]
Gold:   275        SH:  5    Dex: 21    Spells: 9/9 levels left

rFire   + . .        b - +7 dagger (venom)
rCold   . . .        (no shield)
rNeg    . . .        p - +4 ring mail "Xyukhiq" {+Inv MP+9 Str+2 Int+3}
rPois   .            (no helmet)
rElec   .            (no cloak)
rCorr   .            (no gloves)
SInv    .            (no boots)
Will    .....        s - amulet of reflection
Stlth   +            l - ring of protection from fire
HPRegen 0.31/turn    r - ring of flight
MPRegen 0.19/turn

%: reflection
@: flying
A: reduced essence
a: Renounce Religion, Evoke Invisibility, Recall Ancestor, Ancestor Identity


You were on level 7 of the Dungeon.
You worshipped Hepliaklqana.
Hepliaklqana was pleased with you.
You visited 2 branches of the dungeon, and saw 8 of its levels.

You collected 275 gold pieces.

Inventory:

Hand Weapons
 a - a +1 shortbow
 b - a +7 dagger of venom (weapon)
Armour
 k - the +2 leather armour "Uckuibb" {-Tele rCorr Str+6 Int+4}
   (You found it on level 4 of the Dungeon)

   Str+6:     It affects your strength (+6).
   Int+4:     It affects your intelligence (+4).
   -Tele:     It prevents most forms of teleportation.
   rCorr:     It protects you from acid and corrosion.
 n - a +2 robe of resistance
 p - the +4 ring mail "Xyukhiq" (worn) {+Inv MP+9 Str+2 Int+3}
   (You found it on level 5 of the Dungeon)

   Str+2:     It affects your strength (+2).
   Int+3:     It affects your intelligence (+3).
   MP+9:      It affects your magic capacity (+9).
   +Inv:      It lets you turn invisible.
 x - a +4 scale mail of cold resistance
Jewellery
 l - a ring of protection from fire (left hand)
 m - an amulet of faith
 r - a ring of flight (right hand)
 s - an amulet of reflection (around neck)
Wands
 j - a wand of iceblast (4)
 q - a wand of flame (42) (quivered)
Scrolls
 c - a scroll of identify
 e - 3 scrolls of teleportation
 i - a scroll of butterflies
 t - 2 scrolls of revelation
 A - a scroll of enchant weapon
Potions
 d - 4 potions of haste
 f - 2 potions of curing
 g - 2 potions of lignification
 o - 2 potions of ambrosia
 v - a potion of berserk rage {unknown}


   Skills:
 + Level 7.4 Fighting
 + Level 8.1 Ranged Weapons
 + Level 7.2 Dodging
 - Level 1.0 Stealth
 + Level 6.8 Invocations


You had 9 spell levels left.
You didn't know any spells.
Your spell library contained the following spells:

 Spells                   Type           Power      Damage    Failure   Level
 Blink                    Tloc           0%         N/A       71%         2
 Manifold Assault         Tloc           0%         N/A       100%        4


Dungeon Overview and Level Annotations

Branches:
Dungeon (7/15)             Temple (1/1) D:4

Altars:
Ashenzari
Dithmenos
Elyvilon
Fedhas
Gozag
Hepliaklqana
Kikubaaqudgha
Makhleb
Nemelex Xobeh
Qazlal
Ru
Sif Muna
Vehumet
Wu Jian
Zin
The Shining One

Shops:
D:3 =

Annotations:
D:7 4 runed translucent doors


Message History

The manticore is moderately wounded.
The manticore closely misses you.
The manticore claws you but does no damage.
The manticore closely misses you.
You shoot an arrow.
The arrow hits the manticore but does no damage.
The manticore is moderately wounded.
The manticore closely misses you. x2; The manticore claws you.
You shoot an arrow.
The arrow hits the manticore but does no damage.
The manticore is moderately wounded.
The manticore bites you. The manticore claws you.
The manticore claws you but does no damage.
You shoot an arrow. The arrow hits the manticore.
The manticore is moderately wounded.
The manticore bites you!
The manticore claws you but does no damage.
The manticore claws you.
Your +7 dagger of venom begins to drip with poison!
b - a +7 dagger of venom (weapon)
The manticore closely misses you. The manticore barely misses you.
The manticore claws you!
You hit the manticore.
The manticore is poisoned.
Your punch misses the manticore.
The manticore is heavily wounded.
The manticore bites you. The manticore closely misses you.
The manticore misses you.
You hit the manticore.
The manticore looks even sicker.
The manticore is heavily wounded.
The manticore closely misses you. You block the manticore's attack.
The manticore claws you.
You closely miss the manticore.
The manticore is heavily wounded.
The manticore bites you. The manticore barely misses you.
The manticore claws you!
* * * LOW HITPOINT WARNING * * *
You hit the manticore.
The manticore is severely wounded.
The manticore bites you!!
You die...

###### #####
#....############....
#.#................#.
#...######..######.^.
####..##J...#### ##.#
###.....#H# #†# #.......#@# #..
#.#.....#.### #.#
#.#.....#.#R## #.#
#.#.....##.#R# ##.#
#.#......###'# #+###..#
#....#.#.....######......#
#########.#.##...##8()8##......
#.......#.#....#.#8....8#.#####
#.....>..........+.....u+......


You could see a manticore (very poisoned) and a jelly.

Vanquished Creatures
  Pikel (D:6)
  Duvessa (D:4)
  An orc warrior (D:7)
  3 ice beasts
  2 sky beasts (D:7)
  2 phantoms
  A bullfrog (D:7)
  2 wights (D:6)
  3 scorpions
  Dowan (D:4)
  2 jellies
  An orc priest (D:6)
  5 hounds
  2 iguanas (D:7)
  4 orc wizards
  A mummy (D:6)
  3 adders
  5 gnolls
  2 ufetubi
  2 worms
  2 dart slugs
  9 orcs
  6 ball pythons
  4 bats
  10 endoplasms
  3 goblins
  9 hobgoblins
  2 jackals (D:1)
  A quokka (D:2)
  4 frilled lizards
  4 kobolds
  A kobold zombie (D:6)
  8 rats
107 creatures vanquished.

Vanquished Creatures (collateral kills)
  Grinder (D:3)
  Edmund (D:6)
  A sky beast (D:7)
  An ice beast (D:6)
  3 scorpions
  3 wights
  3 hounds
  3 orc priests
  2 orc wizards
  A gnoll (D:7)
  3 adders
  A shadow imp (D:7)
  9 orcs
  2 hobgoblin zombies (D:6)
  An orc zombie (D:6)
35 creatures vanquished.

Vanquished Creatures (others)
  A knight (D:7)
1 creature vanquished.

Grand Total: 143 creatures vanquished

Notes
Turn   | Place    | Note
-------+----------+-------------------------------------------
     0 | D:1      | senseless the Human Hunter began the quest for the Orb.
     0 | D:1      | Reached XP level 1. HP: 16/16 MP: 1/1
    55 | D:1      | Found a faded altar of an unknown god.
   158 | D:1      | Reached XP level 2. HP: 22/22 MP: 2/2
   531 | D:1      | Reached XP level 3. HP: 24/28 MP: 3/3
  1160 | D:2      | You fall into a shaft and drop 2 floors!
  1160 | D:4      | Found a staircase to the Ecumenical Temple.
  1174 | Temple   | Entered the Ecumenical Temple
  1201 | Temple   | Became a worshipper of Hepliaklqana the Forgotten
  1306 | D:4      | Reached XP level 4. HP: 35/35 MP: 4/4
  1350 | D:4      | Reached XP level 5. HP: 30/41 MP: 5/5
  1409 | D:4      | Identified the +2 leather armour "Uckuibb" {-Tele rCorr
                  | Str+6 Int+4}
  1666 | D:3      | Found Ilerr's Jewellery Shop.
  2017 | D:2      | Reached skill level 5 in Ranged Weapons
  2021 | D:2      | Reached * piety under Hepliaklqana
  2317 | D:3      | Reached XP level 6. HP: 43/43 MP: 6/6
  2386 | D:3      | Noticed Grinder
  2407 | D:3      | Killed Grinder
  2408 | D:3      | Reached XP level 7. HP: 33/48 MP: 6/8
  2792 | D:4      | Noticed Duvessa
  2792 | D:4      | Noticed Dowan
  3009 | D:4      | Found a stormy altar of Qazlal.
  3154 | D:4      | Killed Dowan
  3155 | D:4      | HP: 2/49 [Duvessa/+0 short sword (9)]
  3157 | D:4      | Killed Duvessa
  3386 | D:5      | Entered Level 5 of the Dungeon
  3388 | D:5      | Reached ** piety under Hepliaklqana
  3389 | D:5      | Remembered your ancestor Bolek as a knight
  3392 | D:5      | Identified the +4 ring mail "Xyukhiq" {+Inv MP+9 Str+2
                  | Int+3}
  3677 | D:5      | Reached XP level 8. HP: 54/54 MP: 10/10
  3738 | D:5      | Reached skill level 6 in Ranged Weapons
  3928 | D:5      | Reached skill level 5 in Fighting
  3958 | D:5      | Reached skill level 5 in Dodging
  4399 | D:6      | Reached XP level 9. HP: 62/62 MP: 12/12
  4413 | D:6      | Noticed Pikel
  4421 | D:6      | Noticed Edmund
  4496 | D:6      | Reached skill level 5 in Invocations
  4628 | D:6      | Killed Edmund
  4629 | D:6      | Reached skill level 7 in Ranged Weapons
  4903 | D:6      | Killed Pikel
  5398 | D:7      | Reached XP level 10. HP: 71/71 MP: 14/14
  5590 | D:7      | Reached skill level 8 in Ranged Weapons
  5731 | D:7      | Found a large runed translucent door.
  5732 | D:7      | Found a large runed translucent door.
  5734 | D:7      | Noticed a white ugly thing
  5774 | D:7      | Found a large runed translucent door.
  5774 | D:7      | Found a large runed translucent door.
  5867 | D:7      | Noticed a manticore
  5879 | D:7      | Slain by a manticore

Illustrated notes

Levels and vault maps discovered:
D:1:      dpeg_arrival_tiny_i, layout_loops_corners,
          dreamdust_ecumenical_altar_grove
D:2:      layout_loops_cross
D:3:      layout_basic, serial_shops, nicolae_shop_getting_attention,
          uniq_grinder
D:4:      layout_basic, nicolae_qazlal_eye_of_the_storm,
          minmay_temple_entry_waves, ebering_dispersal_statue_hall, uniq_duvessa
D:5:      layout_basic
D:6:      layout_cave_pools, minmay_mini_ossuary, uniq_edmund, uniq_pikel
D:7:      layout_basic, minivault_24, minmay_hollow_rounded_squares
Temple:   regret_index_temple_generic_petals

Skill      XL: |  1  2  3  4  5  6  7  8  9 10 |
---------------+-------------------------------+-----
Fighting       | 3 4 5 7 |  7.4
Dodging        | 3 4 5 6 7 |  7.2
Ranged Weapons | 5 6 7 8 |  8.1
Invocations    | 2 3 4 6 |  6.8
Stealth        | |  1.0

Action                     |  1- 3 |  4- 6 |  7- 9 | 10-12 || total
---------------------------+-------+-------+-------+-------++-------
  Melee: Dagger            |       |       |     1 |     4 ||     5
   Fire: Shortbow          |    81 |   120 |   272 |    58 ||   531
  Throw: Throwing net      |       |     1 |       |       ||     1
 Invoke: Ancestor Life: Kn |       |       |     1 |       ||     1
         Recall Ancestor   |       |       |     2 |       ||     2
  Evoke: Wand              |       |       |     9 |       ||     9
    Use: Scroll            |       |       |    10 |     2 ||    12
         Potion            |       |       |     2 |       ||     2
 Armour: Leather armour    |     8 |    27 |    10 |       ||    45
         Ring mail         |       |       |    53 |    23 ||    76
  Dodge: Dodged            |    11 |    44 |    74 |    17 ||   146
  Block: Other             |       |       |    19 |     2 ||    21

Table legend: (Time is in decaauts)
 A = Elapsed time spent in this place.
 B = Non-inter-level travel time spent in this place.
 C = Inter-level travel time spent in this place.
 D = Time resting spent in this place.
 E = Time spent auto-exploring this place.
 F = Levels seen in this place.
 G = Mean time per level.
                   A        B        C        D        E       F      G
               +--------+--------+--------+--------+--------+-----+--------+
         Total |   5977 |   5674 |    303 |    131 |   4456 |   8 |  747.1 |
       Dungeon |   5924 |   5672 |    252 |    131 |   4456 |   7 |  846.3 |
        Temple |     53 |      2 |     51 |      0 |      0 |   1 |   53.0 |
               +--------+--------+--------+--------+--------+-----+--------+

Top non-repeatable levels by time:
     D:4: 1059 daAuts
     D:6: 992 daAuts
     D:5: 957 daAuts
     D:1: 932 daAuts
     D:3: 833 daAuts
     D:7: 596 daAuts
     D:2: 551 daAuts
  Temple: 53 daAuts
